 Dungeon Crawl Stone Soup version 0.19-a0-1002-g674d22e (webtiles) character file.

36 epen the Charmwright (level 3, 0/28 HPs)
             Began as a Merfolk Skald on July 18, 2016.
             Slain by a worm (11 damage)
             ... on level 2 of the Dungeon.
             The game lasted 00:01:49 (1890 turns).

epen the Charmwright (Merfolk Skald)                Turns: 1890, Time: 00:01:50

Health: 0/28       AC:  2    Str: 13    XL:     3   Next: 37%
Magic:  2/6        EV: 12    Int: 11    God:
Gold:   19         SH:  0    Dex: 13    Spells: 3 memorised, 1 level left

rFire  . . .     SeeInvis .     a - +0 spear
rCold  . . .     Gourm    .     k - -1 leather armour (curse)
rNeg   . . .     Faith    .     (no shield)
rPois  .         Spirit   .     (no helmet)
rElec  .         Dismiss  .     (no cloak)
rCorr  .         Reflect  .     (no gloves)
SustAt .         Harm     .     (no boots)
MR     .....                    (no amulet)
Stlth  +.........               (no ring)
                                (no ring)

@: infused, not resistant to hostile enchantments, very unstealthy
A: change form in water, swift swim
a: no special abilities


You were on level 2 of the Dungeon.
You were not hungry.

You visited 1 branch of the dungeon, and saw 2 of its levels.

You collected 19 gold pieces.

Inventory:

Hand Weapons
 a - a +0 spear (weapon)
Armour
 b - a +0 leather armour
 g - a +0 scale mail
 k - a cursed -1 leather armour (worn)
Scrolls
 i - a scroll of identify {unknown}
 m - 2 scrolls of teleportation {unknown}
 o - a scroll of random uselessness {unknown}
Potions
 e - a potion of brilliance {unknown}
 f - a potion of curing {unknown}
 h - a potion of invisibility {unknown}
 j - a potion of heal wounds {unknown}
 l - 2 potions of resistance {unknown}
 n - a potion of lignification {unknown}
 p - 2 potions of degeneration {unknown}
Books
 c - a book of Battle

   Spells                             Type                      Level
   a - Infusion                       Charms                       1
   b - Shroud of Golubria             Charms/Translocation         2
   c - Song of Slaying                Charms                       2
   d - Spectral Weapon                Hexes/Charms                 3
   e - Regeneration                   Charms/Necromancy            3
Comestibles
 d - a bread ration


   Skills:
 + Level 2.5 Fighting
 + Level 3.4 Polearms
 + Level 0.9 Armour
 + Level 2.0 Dodging
 * Level 2.5 Spellcasting
 * Level 3.5 Charms


You had one spell level left.
You knew the following spells:

 Your Spells              Type           Power        Failure   Level  Hunger
a - Infusion              Chrm           #...         10%         1    ##.....
b - Song of Slaying       Chrm           #.......     14%         2    ###....
c - Spectral Weapon       Hex/Chrm       #.......     63%         3    ####...


Dungeon Overview and Level Annotations

Branches:
Dungeon (2/15)

Altars:


Message History

Attack whom?
Press: ? - help, Dir - move target cursor, f - worm
Aim: a worm You reach to attack!
You barely miss the worm.
Cast which spell? (? or * to list)
You begin infusing your attacks with magical energy.
The worm bites you!
You barely miss the worm. You hit the worm.
The worm is lightly wounded.
The worm bites you.
You hit the worm.
The worm is moderately wounded.
You barely miss the worm.
The worm is moderately wounded.
The worm bites you!
You hit the worm.
The worm is moderately wounded.
The worm bites you!
You die...

#...##.
#......
.#.#.. ....#
...# ....#
#.#w## ##
#.#@.# ...
#.#..# #.#
#.#..# #.#
#....#.# #.#
######....#.#
#.#
..........#.#
#####.#
.......#..#.#
#......
########....#
#.###..
......(....#
#.#.#..


You could see a worm.

Vanquished Creatures
  2 dart slugs (D:1)
  2 giant geckos (D:1)
  A giant cockroach (D:1)
  4 goblins (D:1)
  3 hobgoblins (D:1)
  2 jackals (D:1)
  4 kobolds (D:1)
  4 bats
  A giant newt (D:1)
  2 rats (D:1)
25 creatures vanquished.

Notes
Turn   | Place    | Note
-------+----------+-------------------------------------------
     0 | D:1      | epen the Merfolk Skald began the quest for the Orb.
     0 | D:1      | Reached XP level 1. HP: 16/16 MP: 3/3
   452 | D:1      | Reached XP level 2. HP: 8/23 MP: 5/5
   721 | D:1      | Learned a level 2 spell: Song of Slaying
  1110 | D:1      | Reached XP level 3. HP: 26/28 MP: 6/6
  1372 | D:1      | Learned a level 3 spell: Spectral Weapon
  1890 | D:2      | Slain by a worm

Vault maps used:
D:1:      mushboom_english_gardens
D:2:      lemuel_doored_altar, first_bread

Skill      XL: |  1  2 |
---------------+-------+-----
Dodging        | 2 |  2.0
Fighting       | |  2.5
Polearms       | |  3.4
Armour         | |  0.9
Spellcasting   | |  2.5
Charms         | |  3.5

Action                   || total
-------------------------++-------
Melee: Spear             ||   139
 Cast: Infusion          ||     1
  Eat: Chunk             ||     3
Armor: Leather armour    ||    15
Dodge: Dodged            ||    55
